 Dungeon Crawl Stone Soup version 0.18-a0-1-gfac8111 (webtiles) character file.

10835 Ijustatesigmund the Covert (level 11, -4/68 HPs)
             Began as an Octopode Wizard on Oct 29, 2015.
             Was an Elder of Vehumet.
             Shot with an arrow by a centaur warrior (16 damage)
             ... on level 12 of the Dungeon on Oct 30, 2015.
             The game lasted 01:56:47 (15797 turns).

Ijustatesigmund the Covert (Octopode Wizard)       Turns: 15797, Time: 01:56:48

Health: -4/68      AC:  9    Str:  6    XL:     11   Next: 68%
Magic:  20/20      EV: 12    Int: 23    God:    Vehumet [****..]
Gold:   468        SH: 13    Dex: 12    Spells: 10 memorised, 0 levels left

rFire  . . .     SeeInvis .     j - +4 dagger
rCold  . . .     Clarity  .     x - +3 shield {AC+3}
rNeg   . . .     SustAt   .     a - +0 hat
rPois  .         Gourm    .     (no amulet)
rElec  .         Spirit   .     g - +5 ring of protection
rCorr  .         Warding  .     C - +4 ring of slaying
rMut   .         Stasis   .     (no ring)
MR     .....                    (no ring)
Stlth  ++++++....               (no ring)
                                (no ring)
                                (no ring)
                                (no ring)

@: very slightly contaminated, not resistant to hostile enchantments, very
stealthy
A: almost no armour, amphibious, 8 rings, constrict 8, camouflage 1, gelatinous
body 1
a: Renounce Religion


You were on level 12 of the Dungeon.
You worshipped Vehumet.
Vehumet was greatly pleased with you.
You were not hungry.

You visited 3 branches of the dungeon, and saw 15 of its levels.

You collected 468 gold pieces.

Inventory:

Hand Weapons
 j - a +4 dagger (weapon)
 o - a +0 short sword of holy wrath
 r - a +1 dagger of venom
 v - a +0 blowgun
 z - a +1 falchion of flaming
 F - a +0 dagger of protection
Missiles
 f - 7 javelins
 s - 4 tomahawks (quivered)
 G - 4 tomahawks of dispersal
Armour
 a - a +0 hat (worn)
 x - a +3 shield of protection (worn)
Jewellery
 g - a +5 ring of protection (left tentacle)
 t - an uncursed amulet of guardian spirit
 u - an uncursed amulet of faith
 C - a +4 ring of slaying (right tentacle)
Wands
 w - a wand of random effects (24)
 H - a wand of slowing (6)
Scrolls
 h - 3 scrolls of recharging
 k - 6 scrolls of remove curse
 l - a scroll of amnesia
 n - a scroll of fear
 y - a scroll of immolation
 E - a scroll of magic mapping
 I - 2 scrolls of identify
Potions
 e - a potion of mutation
Books
 b - a book of Minor Magic

   Spells                             Type                      Level
   a - Magic Dart                     Conjuration                  1
   b - Blink                          Translocation                2
   c - Call Imp                       Summoning                    2
   d - Repel Missiles                 Charms/Air                   2
   e - Slow                           Hexes                        2
   f - Conjure Flame                  Conjuration/Fire             3
   g - Mephitic Cloud                 Conjuration/Poison/Air       3
 i - a book of Cantrips

   Spells                             Type                      Level
   a - Corona                         Hexes                        1
   b - Animate Skeleton               Necromancy                   1
   c - Summon Small Mammal            Summoning                    1
   d - Apportation                    Translocation                1
 A - a book of Annihilations

   Spells                             Type                      Level
   a - Poison Arrow                   Conjuration/Poison           6
   b - Chain Lightning                Conjuration/Air              8
   c - Lehudib's Crystal Spear        Conjuration/Earth            8
   d - Glaciate                       Conjuration/Ice              9
   e - Fire Storm                     Conjuration/Fire             9
Comestibles
 c - 8 bread rations
 m - 5 meat rations


   Skills:
 + Level 3.8 Fighting
 + Level 4.5 Short Blades
 - Level 4.0 Dodging
 + Level 10.7 Stealth
 - Level 9.0 Shields
 - Level 6.0 Spellcasting
 - Level 6.4 Conjurations
 - Level 2.0 Hexes
 - Level 3.0 Summonings
 - Level 4.3 Translocations
 - Level 4.2 Air Magic
 - Level 5.0 Poison Magic


You couldn't memorise any spells.
You knew the following spells:

 Your Spells              Type           Power        Failure   Level  Hunger
a - Magic Dart            Conj           ####         1%          1    None
b - Blink                 Tloc           N/A          6%          2    None
c - Repel Missiles        Chrm/Air       ###...       12%         2    None
d - Mephitic Cloud        Conj/Pois/Air  ####....     2%          3    #......
e - Call Imp              Summ           ###.....     10%         2    None
f - Sting                 Conj/Pois      ####         1%          1    None
g - Apportation           Tloc           ####......   3%          1    None
h - Conjure Flame         Conj/Fire      ###.....     4%          3    #......
i - Dazzling Spray        Conj/Hex       ####....     3%          3    #......
j - Fulminant Prism       Conj/Hex       ####......   10%         4    ###....


Dungeon Overview and Level Annotations

Branches:
Dungeon (12/15)            Temple (1/1) D:4            Lair (2/8) D:9
    Orc: D:9-12

Altars:
Ashenzari
Cheibriados
Dithmenos
Elyvilon
Fedhas
Gozag
Kikubaaqudgha
Makhleb
Nemelex Xobeh
Okawaru
Qazlal
Ru
Sif Muna
Trog
Vehumet
Xom
Yredelemnul
Zin
The Shining One

Shops:
D:5 [

Annotations:
D:11 MordorOrchid's ghost, novice HEAE


Innate Abilities, Weirdness & Mutations

You cannot wear most types of armour.
You are amphibious.
You can wear up to eight rings at the same time.
You can use your tentacles to constrict eight enemies at once.
Your skin changes colour to match your surroundings (Stealth).
Your rubbery body absorbs attacks (AC +1).


Message History

Confirm with . or Enter, or press ? or * to list all spells.
You don't have enough magic to cast that spell.
Unknown command.
Casting: Mephitic Cloud
Confirm with . or Enter, or press ? or * to list all spells.
You don't have enough magic to cast that spell.
Unknown command.
Drink which item? (? for menu, Esc to quit)
Magic courses through your body.
The centaur warrior seems less confused.
The centaur warrior shoots an arrow.
The arrow is repelled.
You feel less protected from missiles.
The arrow completely misses your white imp.
The centaur warrior shoots an arrow.
You block the arrow.
Read which item? (? for menu, Esc to quit)
As you read the scroll of fog, it crumbles to dust.
The scroll dissolves into smoke.
The centaur warrior shoots an arrow.
The arrow closely misses your crimson imp.
The arrow hits you!
You die...

......##..#......#
####+###..#......#
........#......#
........#.c....#
........#......#
........'......#
#####<.#...§.§#
#>.#§§§#5§#
#..#§.§#5@#
#..#....§§#
#..#....§§#
#[.'.#....#
#..#......#
####......#
###....# #....#
#....#


You could see a centaur warrior, a friendly crimson imp and a friendly white
imp.

Vanquished Creatures
  2 hill giants
  Pikel (D:6)
  An ugly thing (D:12)
  A kobold demonologist (D:12)
  An efreet (D:10)
  2 trolls
  Sigmund (D:2)
  A deep elf mage (D:10)
  7 yaks
  A hungry ghost (D:11)
  A basilisk (D:12)
  A steam dragon (D:9)
  3 vampire mosquitoes (D:9)
  Menkaure (D:7)
  3 water moccasins
  An ice beast (D:5)
  2 porcupines
  2 slaves (D:6)
  4 centaurs
  2 phantoms
  4 ogres
  An eye of draining (D:11)
  3 orc warriors
  A crocodile (Lair:2)
  2 necrophages
  5 big kobolds
  11 giant frogs
  A water moccasin zombie (D:9)
  A jelly (D:6)
  4 scorpions
  A water moccasin skeleton (D:9)
  6 killer bees
  4 crimson imps
  A giant frog zombie (D:11)
  A quasit (D:8)
  A centaur zombie (D:7)
  5 orc priests
  Crazy Yiuf (D:7)
  4 centaur skeletons
  2 giant frog skeletons
  4 hounds
  18 orc wizards
  3 worker ants
  2 iguanas
  2 sheep (D:9)
  A hound zombie (D:9)
  2 worker ant zombies
  4 gnolls (D:4)
  16 adders
  A shadow imp (D:8)
  2 oozes (D:2)
  2 adder zombies
  3 adder skeletons
  5 worms
  11 giant geckos
  62 orcs
  A ball python (D:3)
  12 goblins
  13 hobgoblins
  13 jackals
  15 kobolds
  3 quokkas
  5 bats
  3 giant cockroaches
  A giant cockroach zombie (D:5)
  A giant gecko skeleton (D:4)
  6 giant newts
  13 rats
321 creatures vanquished.

Vanquished Creatures (collateral kills)
  A sky beast (D:9)
  3 killer bees (D:7)
  A jelly (D:8)
  An adder (D:7)
  An orc (D:10)
  3 jackals (D:9)
10 creatures vanquished.

Vanquished Creatures (others)
  5 wights (D:12)
  A hound (D:4)
  2 orc wizards (D:6)
  A centaur zombie (D:6)
  A worker ant (D:6)
  3 orcs
  A plant (D:9)
14 creatures vanquished.

Grand Total: 345 creatures vanquished

Notes
Turn   | Place    | Note
--------------------------------------------------------------
     0 | D:1      | Ijustatesigmund the Octopode Wizard began the quest for the Orb.
     0 | D:1      | Reached XP level 1. HP: 11/11 MP: 4/4
   303 | D:1      | Reached XP level 2. HP: 17/17 MP: 3/6
   345 | D:1      | Learned a level 2 spell: Blink
   348 | D:1      | Learned a level 2 spell: Repel Missiles
  1030 | D:1      | Reached XP level 3. HP: 21/21 MP: 2/7
  1037 | D:1      | Learned a level 3 spell: Mephitic Cloud
  1253 | D:2      | Reached skill level 4 in Stealth
  1294 | D:2      | Found a faded altar to an unknown god.
  1535 | D:2      | Noticed Sigmund
  1560 | D:2      | Killed Sigmund
  1560 | D:2      | Reached skill level 1 in Short Blades
  1560 | D:2      | Reached skill level 5 in Stealth
  1560 | D:2      | Reached skill level 1 in Air Magic
  1560 | D:2      | Reached XP level 4. HP: 11/27 MP: 8/8
  1560 | D:2      | Reached XP level 5. HP: 12/31 MP: 9/9
  1816 | D:2      | Reached XP level 6. HP: 22/36 MP: 0/10
  2058 | D:2      | Found a sparkling altar of Nemelex Xobeh.
  2822 | D:3      | Reached skill level 6 in Stealth
  3582 | D:4      | Reached XP level 7. HP: 41/41 MP: 11/11
  3586 | D:4      | Learned a level 2 spell: Call Imp
  4325 | D:4      | Upgraded the game from 0.17-a0-2231-gd80ca38 to 0.18-a0-1-gfac8111
  4336 | D:4      | Reached skill level 7 in Stealth
  4534 | D:4      | Found a staircase to the Ecumenical Temple.
  4550 | Temple   | Entered the Ecumenical Temple
  4889 | D:5      | Entered Level 5 of the Dungeon
  5222 | D:5      | Found Ifufuw's Armour Shop.
  5450 | D:5      | Reached skill level 1 in Fighting
  5450 | D:5      | Reached skill level 5 in Conjurations
  5551 | D:5      | Found a shattered altar of Ashenzari.
  5568 | D:5      | Reached XP level 8. HP: 47/49 MP: 12/12
  5873 | D:6      | Found a shimmering altar of Xom.
  5878 | D:6      | Reached skill level 8 in Stealth
  5923 | D:6      | Found an ancient bone altar of Kikubaaqudgha.
  5924 | D:6      | Found a white marble altar of Elyvilon.
  5975 | D:6      | HP: 2/51 [poisoned by a scorpion]
  5983 | D:6      | HP: 2/51 [poisoned by a scorpion]
  6169 | D:6      | Found a radiant altar of Vehumet.
  6199 | D:6      | Became a worshipper of Vehumet
  6369 | D:6      | Found a snail-covered altar of Cheibriados.
  6638 | D:6      | Noticed Pikel
  6709 | D:8      | Reached skill level 9 in Stealth
  6858 | D:7      | Reached skill level 1 in Shields
  6860 | D:7      | Noticed Menkaure
  6918 | D:6      | Killed Pikel
  6918 | D:6      | Reached skill level 5 in Shields
  6918 | D:6      | Reached XP level 9. HP: 29/57 MP: 5/13
  7583 | D:6      | Found a burning altar of Makhleb.
  7643 | D:6      | Reached * piety under Vehumet
  7643 | D:6      | Offered knowledge of Sting by Vehumet.
  8028 | D:7      | Killed Menkaure
  8028 | D:7      | Reached skill level 5 in Spellcasting
  8077 | D:7      | HP: 1/57 [orc warrior/mace of protection (11)]
  8786 | D:7      | Noticed Crazy Yiuf
  8790 | D:7      | Killed Crazy Yiuf
  9028 | D:8      | Learned a level 1 spell: Sting
  9030 | D:8      | Learned a level 1 spell: Apportation
  9057 | D:8      | Identified a scroll of acquirement
 10276 | D:9      | Reached XP level 10. HP: 62/62 MP: 10/19
 10461 | D:9      | Reached skill level 10 in Stealth
 10908 | D:9      | Learned a level 3 spell: Conjure Flame
 11012 | D:9      | Found a staircase to the Lair.
 11027 | Lair:1   | Entered Level 1 of the Lair of Beasts
 11245 | Lair:1   | Noticed a four-headed hydra
 12130 | D:9      | Offered knowledge of Shock by Vehumet.
 12141 | D:9      | Reached ** piety under Vehumet
 12197 | D:10     | Entered Level 10 of the Dungeon
 12675 | D:9      | Noticed a centaur skeleton
 12685 | D:9      | Killed a centaur skeleton
 13010 | D:9      | Offered knowledge of Static Discharge by Vehumet.
 13197 | D:9      | Reached *** piety under Vehumet
 13381 | D:9      | Noticed a three-headed hydra
 13505 | D:10     | Reached XP level 11. HP: 67/67 MP: 20/20
 13528 | D:10     | Noticed a hill giant
 13562 | D:10     | Killed a hill giant
 13577 | D:10     | Offered knowledge of Dazzling Spray by Vehumet.
 13804 | D:11     | Noticed MordorOrchid's ghost (novice HEAE)
 13832 | D:11     | Reached skill level 5 in Poison Magic
 14565 | D:10     | Reached **** piety under Vehumet
 14579 | D:10     | Learned a level 3 spell: Dazzling Spray
 14661 | D:10     | Noticed a large abomination
 14927 | D:11     | Noticed a five-headed hydra
 15255 | D:12     | Offered knowledge of Fulminant Prism by Vehumet.
 15255 | D:12     | Reached skill level 1 in Hexes
 15266 | D:12     | Learned a level 4 spell: Fulminant Prism
 15383 | D:12     | Noticed a hill giant
 15392 | D:12     | Killed a hill giant
 15787 | D:12     | Noticed a centaur warrior
 15797 | D:12     | Shot with an arrow by a centaur warrior

Vault maps used:
D:1:      sevenhm_arrival_forest_fort_small_6, minmay_quantized
D:2:      ecumenical_altar_2, nemelex_dance_club_becter, uniq_sigmund
D:3:      nrook_uturn
D:4:      minmay_temple_entry_purple_smoke, serial_glass, glass_columns_c,
          glass_columns_a
D:5:      kennysheep_little_box, serial_shops, nicolae_shop_behind_doors,
          first_bread
D:6:      kennysheep_mini, grunt_temple_overflow_open, portal_sewer_entry_d,
          basic_altar, uniq_pikel
D:7:      uniq_crazy_yiuf_cottage, uniq_menkaure
D:9:      cheibriados_altar_wand_db, lair_0_dummy, hiddenorc1_lemuel,
          hangedman_ranch
D:10:     minivault_25, laboratory, uniq_nergalle
D:11:     minmay_separated_statues
D:12:     enter_trove_0, lemuel_flamethrower_3, uniq_nessos
Temple:   minmay_freezing_vapour_temple_12
Lair:1:   serial_bayou_shore_a, grunt_megastairs_4
Lair:2:   grunt_megastairs_2

Action                   |  1- 3 |  4- 6 |  7- 9 | 10-12 || total
-------------------------+-------+-------+-------+-------++-------
Melee: Short sword       |    39 |    13 |       |     2 ||    54
       Dagger            |       |    23 |   232 |   355 ||   610
Throw: Tomahawk          |       |       |     8 |     2 ||    10
 Cast: Magic Dart        |    78 |   122 |   209 |   119 ||   528
       Repel Missiles    |     1 |       |     2 |     1 ||     4
       Blink             |       |     1 |    12 |    26 ||    39
       Mephitic Cloud    |       |       |    27 |    37 ||    64
       Call Imp          |       |       |    10 |    31 ||    41
       Sting             |       |       |    11 |    54 ||    65
       Apportation       |       |       |       |     1 ||     1
       Dazzling Spray    |       |       |       |     1 ||     1
Evoke: Wand              |       |       |       |     1 ||     1
  Use: Scroll            |     8 |     6 |     9 |    11 ||    34
       Potion            |     3 |       |     6 |     6 ||    15
 Stab: Sleeping          |     3 |     4 |    10 |    13 ||    30
       Confused          |       |       |    11 |     6 ||    17
       Invisible         |       |       |     1 |       ||     1
  Eat: Chunk             |     2 |     6 |    18 |    12 ||    38
       Beef jerky        |       |       |     1 |     2 ||     3
       Pizza             |       |       |     2 |       ||     2
       Bread ration      |       |       |       |     1 ||     1
       Royal jelly       |       |       |       |     1 ||     1
